 Dungeon Crawl Stone Soup version 0.31-a0-79-g9ec6622867 (webtiles) character file.

Game seed: 16593490724724460351

532 edHundra the Slasher (level 7, 0/60 HPs)
             Began as a Pale Draconian Berserker on May 11, 2023.
             Was a Believer of Trog.
             Slain by a water moccasin (4 damage)
             ... on level 5 of the Dungeon on May 24, 2023.
             The game lasted 00:14:12 (2533 turns).

edHundra the Slasher (Pale Draconian Berserker)     Turns: 2533, Time: 00:14:13

Health: 0/60       AC:  6    Str: 21    XL:     7   Next: 4%
Magic:  7/7        EV: 18    Int:  8    God:    Trog [**....]
Gold:   126        SH:  0    Dex: 10    Spells: 6/6 levels left

rFire   . . .        a - +0 falchion
rCold   . . .        (no shield)
rNeg    . . .        (body armour unavailable)
rPois   .            (helmet restricted)
rElec   .            (no cloak)
rCorr   .            (no gloves)
SInv    .            (no boots)
Will    +++..        (no amulet)
Stlth   ++           e - +5 ring of evasion
HPRegen 1.30/turn    (no ring)
MPRegen 0.10/turn

%: no passive effects
@: lethally poisoned (0 -> 0), strong-willed, enlightened, flying, regenerating
A: breathe steam, AC +6, unfitting armour, cold-blooded, steam resistance
a: Breathe Steam, Renounce Religion, Berserk, Trog's Hand


You were on level 5 of the Dungeon.
You worshipped Trog.
Trog was pleased with you.
You visited 1 branch of the dungeon, and saw 4 of its levels.

You collected 126 gold pieces.

Inventory:

Hand Weapons
 a - a +0 falchion (weapon)
Jewellery
 e - a +5 ring of evasion (left hand)
Wands
 j - a wand of digging (2)
 p - a wand of iceblast (6)
Scrolls
 b - a scroll of identify
 i - a scroll of fog {unknown}
 k - a scroll of magic mapping {unknown}
 m - a scroll of poison {unknown}
 n - a scroll of enchant armour {unknown}
Potions
 c - 3 potions of mutation
 d - a potion of haste {unknown}
 g - a potion of curing {unknown}
 h - a potion of brilliance
 l - a potion of heal wounds {unknown}
 o - a potion of might


   Skills:
 + Level 4.7 Fighting
 + Level 6.1 Long Blades
 + Level 4.3 Dodging
 + Level 1.5 Stealth


You had 6 spell levels left.
You didn't know any spells.
Your spell library was empty.

Dungeon Overview and Level Annotations

Branches:
Dungeon (5/15)
 Temple: D:4-7

Altars:
Elyvilon
Gozag
Xom
Yredelemnul


Innate Abilities, Weirdness & Mutations

You can breathe blasts of scalding, opaque steam.
Your pale cyan-grey scales are hard. (AC +6)
You cannot fit into any form of body armour.
You are cold-blooded and may be slowed by cold attacks.
You are immune to the effects of steam.


Message History

The water moccasin bites you.
You hit the water moccasin.
Your tail-slap misses the water moccasin.
The water moccasin is lightly wounded.
You feel sick. The water moccasin closely misses you.
You hit the water moccasin.
Your tail-slap misses the water moccasin.
The water moccasin is moderately wounded.
You feel sick. The water moccasin misses you.
The water moccasin closely misses you.
You fail to use your ability.
You feel sick. The water moccasin bites you.
You miss the water moccasin.
The water moccasin is moderately wounded.
You feel sick.
The water moccasin bites you but does no damage.
The water moccasin bites you.
You are more poisoned.
The water moccasin poisons you!
Your skin crawls.
You feel strong-willed.
You feel very sick. The water moccasin closely misses you.
It was a potion of enlightenment.
You feel very buoyant.
You fly up into the air.
You feel very sick. The water moccasin misses you.
You slash the water moccasin!
The water moccasin is heavily wounded.
You feel very sick. The water moccasin barely misses you.
The water moccasin bites you but does no damage.
You slash the water moccasin!
The water moccasin is severely wounded.
You feel sick. The water moccasin bites you!
* * * LOW HITPOINT WARNING * * *
You miss the water moccasin.
The water moccasin is severely wounded.
You feel sick. The water moccasin bites you.
You die...

##......###....:#####.#
...._...........#.....#
..._8_.########.#.#####
.#.._..###.....<#.#
.#.......#[#..#.#.#
)##...##.#.#....#.###
.'...........####...#
.####.###.....#####!#
.# #.####.#...S@...# .#
#......##..###### .#
#...!.....># .#
#.....###### .# #.....+
.# ##....# .# ####...
## #.#.# #.#.#


You could see a water moccasin.

Vanquished Creatures
  An ice beast (D:5)
  A black bear (D:5)
  A phantom (D:5)
  A gnoll sergeant (D:5)
  A scorpion (D:5)
  A hound (D:5)
  3 gnolls (D:5)
  6 adders
  A worm (D:2)
  3 dart slugs
  An orc (D:5)
  4 endoplasms
  A giant cockroach (D:1)
  4 hobgoblins
  2 kobolds
  3 quokkas
  4 ball pythons
  A bat (D:1)
  4 frilled lizards
  7 goblins
  5 rats
55 creatures vanquished.

Notes
Turn   | Place    | Note
-------+----------+-------------------------------------------
     0 | D:1      | edHundra the Draconian Berserker began the quest for the
                  | Orb.
     0 | D:1      | Reached XP level 1. HP: 19/19 MP: 1/1
   303 | D:1      | Reached XP level 2. HP: 25/26 MP: 2/2
  1119 | D:2      | Reached XP level 3. HP: 30/31 MP: 3/3
  1450 | D:2      | Reached skill level 4 in Long Blades
  1772 | D:3      | Reached ** piety under Trog
  1795 | D:3      | Reached XP level 4. HP: 35/40 MP: 4/4
  1989 | D:3      | You fall into a shaft and drop 2 floors!
  1989 | D:5      | Entered Level 5 of the Dungeon
  2005 | D:5      | Noticed an ice beast
  2028 | D:5      | Killed an ice beast
  2029 | D:5      | Reached skill level 5 in Long Blades
  2029 | D:5      | Reached XP level 5. HP: 16/46 MP: 5/5
  2192 | D:5      | Reached XP level 6. HP: 19/53 MP: 6/6
  2201 | D:5      | HP: 2/53 [poisoned by a gnoll]
  2439 | D:5      | Found a white marble altar of Elyvilon.
  2439 | D:5      | Found a shimmering altar of Xom.
  2439 | D:5      | Found a basalt altar of Yredelemnul.
  2439 | D:5      | Found an opulent altar of Gozag.
  2462 | D:5      | Reached skill level 1 in Stealth
  2484 | D:5      | Reached skill level 6 in Long Blades
  2484 | D:5      | Your scales start taking on a pale cyan-grey colour.
  2484 | D:5      | Reached XP level 7. HP: 42/60 MP: 7/7
  2484 | D:5      | Gained mutation: You are immune to the effects of steam.
                  | [Pale Draconian growth]
  2485 | D:5      | Upgraded the game from 0.31-a0-18-gea43df2a32 to
                  | 0.31-a0-79-g9ec6622867
  2533 | D:5      | Slain by a water moccasin

Illustrated notes

Levels and vault maps discovered:
D:1:      dpeg_arrival_rhombi, layout_basic
D:2:      layout_rooms
D:3:      layout_loops_ring
D:5:      corexii_shack_village, layout_basic,
          chequers_temple_overflow_statue_of_worship

Skill      XL: |  1  2  3  4  5  6 |
---------------+-------------------+-----
Dodging        | 3 4 |  4.3
Long Blades    | 4 5 6 |  6.1
Fighting       | 4 |  4.7
Stealth        | 1 |  1.5

Action                     |  1- 3 |  4- 6 |  7- 9 || total
---------------------------+-------+-------+-------++-------
  Melee: Falchion          |   152 |   112 |    10 ||   274
         Tailslap          |    10 |    18 |       ||    28
         Punch             |       |     4 |       ||     4
 Invoke: Berserk           |     2 |     2 |       ||     4
         Trog's Hand       |       |     3 |     1 ||     4
  Evoke: Wand              |       |     1 |       ||     1
    Use: Scroll            |     1 |     2 |       ||     3
         Potion            |       |       |     1 ||     1
 Armour: Skin              |    36 |    23 |     2 ||    61
  Dodge: Dodged            |   127 |    96 |     8 ||   231

Table legend: (Time is in decaauts)
 A = Elapsed time spent in this place.
 B = Non-inter-level travel time spent in this place.
 C = Inter-level travel time spent in this place.
 D = Time resting spent in this place.
 E = Time spent auto-exploring this place.
 F = Levels seen in this place.
 G = Mean time per level.
                   A        B        C        D        E       F      G
               +--------+--------+--------+--------+--------+-----+--------+
         Total |   2587 |   2559 |     28 |    293 |   1592 |   4 |  646.8 |
       Dungeon |   2587 |   2559 |     28 |    293 |   1592 |   4 |  646.8 |
               +--------+--------+--------+--------+--------+-----+--------+

Top non-repeatable levels by time:
     D:1: 1002 daAuts
     D:2: 669 daAuts
     D:5: 563 daAuts
     D:3: 352 daAuts
